 Dungeon Crawl Stone Soup version 0.21.0-25-ge575cb9 (webtiles) character file.

1148 Miyamura the Shield-Bearer (level 8, -3/69 HPs)
             Began as a Formicid Fighter on Jan 24, 2018.
             Was a Believer of Cheibriados.
             Slain by an orc wizard
             ... wielding a +0 dagger
              (5 damage)
             ... on level 6 of the Dungeon.
             The game lasted 00:12:05 (5584 turns).

Miyamura the Shield-Bearer (Formicid Fighter)       Turns: 5584, Time: 00:12:05

Health: -3/69      AC:  7    Str: 29 (30) XL:     8   Next: 65%
Magic:  9/10       EV: 18    Int: 16      God:    Cheibriados [**....]
Gold:   221        SH: 11    Dex: 16 (18) Spells: 7/7 levels left

rFire    . . .     SeeInvis +   a - +1 long sword
rCold    . . .     Gourm    .   c - +0 shield
rNeg     . . .     Faith    +   G - +0 troll leather armour {Purgy}
rPois    .         Spirit   .   (helmet unavailable)
rElec    .         Reflect  .   (no cloak)
rCorr    .         Harm     .   e - +0 pair of gloves
MR       .....                  q - +2 pair of boots
Stlth    ++........             x - amulet of faith
HPRegen  0.61/turn              (no ring)
MPRegen  0.12/turn              (no ring)

@: mighty, agile, very slow
A: permanent stasis, dig shafts and tunnels, four strong arms, antennae 3,
talons 1, clumsy 1, deformed body, robust 1
a: Dig, Shaft Self, Bend Time, Renounce Religion


You were on level 6 of the Dungeon.
You worshipped Cheibriados.
Cheibriados was pleased with you.
You were not hungry.

You visited 1 branch of the dungeon, and saw 6 of its levels.
You also visited: Sewer.

You collected 221 gold pieces.

Inventory:

Hand Weapons
 a - a +1 long sword (weapon)
 u - a +1 arbalest
Missiles
 j - 76 arrows
 K - 27 bolts
Armour
 b - a +0 scale mail
 c - a +0 shield (worn)
 e - a +0 pair of gloves (worn)
 q - a +2 pair of boots (worn)
 r - a +0 large shield
 G - a +0 troll leather armour (worn) {Purgy}
Jewellery
 x - an amulet of faith (around neck)
Wands
 A - a wand of digging (20)
Scrolls
 g - a scroll of fog
 h - a scroll of magic mapping
 l - 2 scrolls of enchant armour {unknown}
 s - a scroll of random uselessness {unknown}
 t - 2 scrolls of amnesia {unknown}
 w - 2 scrolls of fear {unknown}
 y - 2 scrolls of blinking {unknown}
 D - a scroll of immolation {unknown}
 H - 2 scrolls of remove curse {unknown}
Potions
 o - a potion of lignification
 F - 2 potions of flight
Books
 n - a book of Cantrips

   Spells                             Type                      Level
   a - Confusing Touch                Hexes                        1
   b - Animate Skeleton               Necromancy                   1
   c - Summon Small Mammal            Summoning                    1
   d - Apportation                    Translocation                1
Comestibles
 f - 11 rations
 I - 3 chunks of flesh


   Skills:
 + Level 5.4 Fighting
 + Level 4.4 Long Blades
 + Level 2.1 Crossbows
 + Level 5.4 Armour
 + Level 3.4 Dodging
 + Level 6.0 Shields
 + Level 2.7 Invocations


You had 7 spell levels left.
You didn't know any spells.

Dungeon Overview and Level Annotations

Branches:
Dungeon (6/15)
 Temple: D:4-7

Altars:
Ashenzari
Cheibriados
Hepliaklqana
Kikubaaqudgha
Makhleb
Uskayaw

Shops:
D:5 %


Innate Abilities, Weirdness & Mutations

You cannot be hasted, slowed, berserked, paralysed or teleported.
You can dig through walls and to a lower floor.
Your four strong arms can wield two-handed weapons with a shield.
You have a pair of large antennae on your head. (SInv)
You have sharp toenails.
You are clumsy. (Dex -2)
Armour fits poorly on your strangely shaped body.
You are robust. (+10% HP)


Message History

Cheibriados appreciates the change of pace.
You feel less wooden.
Your +0 pair of gloves unmelds from your body.
Your +2 pair of boots unmelds from your body.
Your +0 troll leather armour {Purgy} unmelds from your body.
The orc wizard is no longer moving quickly.
The orc wizard points at you and mumbles some strange words.
The magic dart hits you! The orc wizard casts a spell at you.
You easily resist.
You block the ball python's attack. The ball python constricts you.
The orc closely misses you.
You riposte.
You slice the orc!!
You kill the orc!
Cheibriados appreciates the change of pace.
You slash the ball python!
You kill the ball python!
Cheibriados thoroughly appreciates the change of pace.
Cheibriados raises the support of your attributes as your movement slows.
The orc wizard hits you with a dagger.
You die...

#'#####..##.#
(..####....## #..
#.....#..
...#........
#...#.....#...
..#........
#...#.....#....
..#........
#...#.....#....
#........
#...#.....#
#........
#...####.##
##....###
..####'#### #....
........†@)#
.....
........)o†#
...........'..
...........#....
...#########.....
... .... .. ...
...


You could see an orc wizard.

Vanquished Creatures
  Purgy (Sewer)
  An orc warrior (D:6)
  An ogre (D:5)
  A bullfrog (D:6)
  A scorpion (D:6)
  2 vampire bats (D:4)
  2 howler monkeys (D:5)
  A jelly (D:5)
  A hound (D:4)
  5 orc priests
  2 iguanas
  2 orc wizards (D:4)
  2 worker ants
  4 gnolls (D:3)
  10 adders
  A worm (D:3)
  A dart slug (D:4)
  4 leopard geckos
  9 orcs
  4 bat skeletons (D:4)
  3 bat zombies (D:4)
  8 giant cockroaches
  8 goblins
  3 hobgoblins
  9 jackals
  11 kobolds
  3 quokkas
  3 ball pythons
  6 bats
  A frilled lizard (D:1)
  14 rats
124 creatures vanquished.

Notes
Turn   | Place    | Note
-------+----------+-------------------------------------------
     0 | D:1      | Miyamura the Formicid Fighter began the quest for the Orb.
     0 | D:1      | Reached XP level 1. HP: 18/18 MP: 1/1
   114 | D:1      | Reached XP level 2. HP: 19/24 MP: 2/2
   600 | D:1      | Reached XP level 3. HP: 29/29 MP: 3/3
   841 | D:2      | Reached skill level 4 in Shields
   877 | D:2      | Reached skill level 1 in Dodging
  1033 | D:2      | Found a burning altar of Makhleb.
  1157 | D:2      | Found a hazy altar of Hepliaklqana.
  1160 | D:2      | Found a shattered altar of Ashenzari.
  1315 | D:2      | Reached XP level 4. HP: 26/37 MP: 4/4
  2112 | D:3      | Reached XP level 5. HP: 39/42 MP: 5/5
  2996 | D:4      | Reached XP level 6. HP: 34/48 MP: 6/6
  3152 | D:4      | Reached skill level 5 in Shields
  3285 | D:4      | Found an ancient bone altar of Kikubaaqudgha.
  3291 | D:4      | Reached XP level 7. HP: 50/55 MP: 7/7
  3429 | D:4      | Found a snail-covered altar of Cheibriados.
  3442 | D:4      | Became a worshipper of Cheibriados the Contemplative
  4033 | D:5      | Entered Level 5 of the Dungeon
  4081 | D:5      | Found Xagufof's Food Emporium.
  4134 | D:5      | Reached skill level 1 in Invocations
  4199 | D:5      | Reached skill level 1 in Crossbows
  4205 | D:5      | Reached skill level 5 in Fighting
  4205 | D:5      | Reached skill level 5 in Armour
  4249 | D:5      | Reached * piety under Cheibriados
  4291 | D:5      | Found a glowing drain.
  4308 | Sewer    | Entered a sewer
  4416 | Sewer    | Noticed Purgy
  4427 | Sewer    | Killed Purgy
  4427 | Sewer    | Reached XP level 8. HP: 48/62 MP: 9/9
  4679 | D:5      | Found a hide-covered altar of Uskayaw.
  5530 | D:6      | Gained mutation: You are somewhat resistant to further mutation. [potion of mutation]
  5532 | D:6      | Reached ** piety under Cheibriados
  5563 | D:6      | Lost mutation: You are somewhat resistant to further mutation. [potion of mutation]
  5563 | D:6      | Gained mutation: Your spells are a little easier to cast, but a little less powerful. [potion of mutation]
  5563 | D:6      | Gained mutation: You are partially covered in large bone plates. (SH +4) [potion of mutation]
  5564 | D:6      | Lost mutation: You are partially covered in large bone plates. (SH +4) [potion of mutation]
  5564 | D:6      | Lost mutation: Your spells are a little easier to cast, but a little less powerful. [potion of mutation]
  5564 | D:6      | Gained mutation: You have sharp toenails. [potion of mutation]
  5564 | D:6      | Gained mutation: You are clumsy. (Dex -2) [potion of mutation]
  5564 | D:6      | Gained mutation: Armour fits poorly on your strangely shaped body. [potion of mutation]
  5564 | D:6      | Gained mutation: You are robust. (+10% HP) [potion of mutation]
  5581 | D:6      | Reached skill level 6 in Shields
  5581 | D:6      | HP: 4/103 [ball python (2)]
  5583 | D:6      | HP: 1/69 [orc wizard/magic dart (2)]
  5584 | D:6      | Slain by an orc wizard

Skill      XL: |  1  2  3  4  5  6  7  8 |
---------------+-------------------------+-----
Shields        | 4 5 6 |  6.0
Dodging        | 1 2 3 |  3.4
Fighting       | 4 5 |  5.4
Armour         | 4 5 |  5.4
Long Blades    | 3 4 |  4.4
Invocations    | 1 2 |  2.7
Crossbows      | 1 2 |  2.1

Action                   |  1- 3 |  4- 6 |  7- 9 || total
-------------------------+-------+-------+-------++-------
Melee: Long sword        |   121 |   161 |   185 ||   467
 Abil: Dig               |       |       |     1 ||     1
  Use: Scroll            |       |     3 |     6 ||     9
       Potion            |       |     1 |    21 ||    22
  Eat: Chunk             |     1 |     7 |     6 ||    14
Armor: Scale mail        |    67 |    89 |    26 ||   182
       Skin              |       |       |    74 ||    74
       Troll leather arm |       |       |    32 ||    32
Dodge: Dodged            |    42 |    57 |   116 ||   215
Block: Shield            |    59 |    88 |   165 ||   312
       Large shield      |       |    25 |       ||    25
       Rpst.: Long sword |    11 |    14 |    30 ||    55
